 Dungeon Crawl Stone Soup version 0.28-a0-297-g99b01970c5 (webtiles) character file.

Game seed: 3288731395347550353

0 Gargoyl the Skirmisher (level 1, -3/23 HPs)
             Began as a Gnoll Abyssal Knight on Aug 29, 2021.
             Was a Follower of Lugonu.
             Slain by a tentacled starspawn (24 damage)
             ... on level 1 of the Abyss.
             The game lasted 00:00:14 (68 turns).

Gargoyl the Skirmisher (Gnoll Abyssal Knight)         Turns: 68, Time: 00:00:14

Health: -3/23      AC:  3    Str: 11    XL:     1   Next: 0%
Magic:  3/3        EV: 11    Int: 11    God:    Lugonu [*.....]
Gold:   0          SH:  0    Dex: 11    Spells: 0/0 levels left

rFire   . . .      SeeInvis .   a - +1 hand axe
rCold   . . .      Faith    .   (no shield)
rNeg    . . .      Spirit   .   b - +0 leather armour
rPois   .          Reflect  .   (no helmet)
rElec   .          Harm     .   (no cloak)
rCorr   .          Rampage  .   (no gloves)
Will    .....                   (no boots)
Stlth   +.........              (no amulet)
HPRegen 0.07/turn               (no ring)
MPRegen 0.08/turn               (no ring)

@: attractive
A: fangs 1, strong nose, distributed training
a: Renounce Religion, Depart the Abyss


You were on level 1 of the Abyss.
You worshipped Lugonu.
Lugonu was aware of your devotion.
You visited 0 branches of the dungeon, and saw 0 of its levels.
You visited the Abyss 1 time.

Inventory:

Hand Weapons
 a - a +1 hand axe (weapon)
Armour
 b - a +0 leather armour (worn)


   Skills:
 + Level 6.4 Fighting
 + Level 0.0 Short Blades
 + Level 0.0 Long Blades
 + Level 4.4 Axes
 + Level 0.0 Maces & Flails
 + Level 0.0 Polearms
 + Level 0.0 Staves
 + Level 0.0 Slings
 + Level 0.0 Bows
 + Level 0.0 Crossbows
 + Level 0.0 Throwing
 + Level 4.4 Armour
 + Level 2.3 Dodging
 + Level 0.0 Stealth
 + Level 0.0 Shields
 + Level 0.0 Unarmed Combat
 + Level 0.0 Spellcasting
 + Level 0.0 Conjurations
 + Level 0.0 Hexes
 + Level 0.0 Summonings
 + Level 0.0 Necromancy
 + Level 0.0 Translocations
 + Level 0.0 Transmutations
 + Level 0.0 Fire Magic
 + Level 0.0 Ice Magic
 + Level 0.0 Air Magic
 + Level 0.0 Earth Magic
 + Level 0.0 Poison Magic
 + Level 4.4 Invocations
 + Level 0.0 Evocations


You couldn't memorise any spells.
You didn't know any spells.
Your spell library was empty.

Dungeon Overview and Level Annotations

Branches:
Dungeon (0/15)

Altars:


Innate Abilities, Weirdness & Mutations

You have very sharp teeth.
Your uncanny sense of smell can sniff out nearby items.
Your experience applies equally to all skills.


Message History

The shadow barely misses you.
The shadow slips into darkness.
The shadow flickers and vanishes!
Deactivating autopickup; reactivate with Ctrl-A.
Unknown command.
The shadow misses you.
The worldbinder is attracted toward you.
The shadow disappears in a puff of smoke!
Reactivating autopickup.
The worldbinder calls forth creatures from the Crypt!
The wraith is attracted toward you.
The tentacled starspawn is attracted toward you.
The shadow is attracted toward you. The worldbinder barely misses you.
The worldbinder hits you but does no damage.
The wraith disappears in a puff of smoke!
A tentacle flies out from the starspawn's body!
The tentacled starspawn is attracted toward you.
The wraith is attracted toward you.
The worldbinder calls forth creatures from the Crypt!
A large abomination comes into view.
The shadow disappears in a puff of smoke!
Tentacles burst from the starspawn's body!
The tentacled starspawn is attracted toward you.
The large abomination is attracted toward you.
The wraith is attracted toward you.
The worldbinder is attracted toward you.
Tentacles burst from the starspawn's body!
The tentacled starspawn is attracted toward you.
The large abomination is attracted toward you.
The wraith is attracted toward you.
The worldbinder is attracted toward you.
The necromancer is attracted toward you.
The wraith disappears in a puff of smoke!
The necromancer is attracted toward you.
The large abomination is attracted toward you.
The tentacled starspawn bites you.
The tentacled starspawn tentacle-slaps you!!
Ouch! That really hurt!
You die...

.#.#...X###§.#..#
. ### #.
.W#..#..#.# . #..
#.#§p#..#...## .
##.#
.#.####..#.#....
...#.#...
#..#.##§...#
##...#..
.##.##.X##### ##
.#...# .#..###.#
#xW##.#.##
#..#.X#.## W#W.#
. # #...@....#
##. ##..
#..#.....### ...
# #
...#.....#...# .
.. #.....#.##..#
.# ..#
##.#..####. #...
###. . ...# #.# .
..# #. .#


You could see a tentacled starspawn.

Vanquished Creatures (others)
  8 starspawn tentacles (Abyss:1)
8 creatures vanquished.

Notes
Turn   | Place    | Note
-------+----------+-------------------------------------------
     0 | Abyss:1  | Gargoyl the Gnoll Abyssal Knight began the quest for the
                  | Orb.
     0 | Abyss:1  | Reached XP level 1. HP: 23/23 MP: 3/3
     9 | Abyss:1  | Found a corrupted altar of Lugonu.
    38 | Abyss:1  | Noticed a profane servitor
    42 | Abyss:1  | Noticed a worldbinder
    45 | Abyss:1  | Noticed a shadow
    45 | Abyss:1  | Noticed a wraith
    45 | Abyss:1  | Noticed a shadow
    46 | Abyss:1  | Noticed a tentacled starspawn
    54 | Abyss:1  | Noticed a shadow
    56 | Abyss:1  | Noticed a wraith
    59 | Abyss:1  | Noticed a necromancer
    62 | Abyss:1  | Noticed a large abomination
    68 | Abyss:1  | Slain by a tentacled starspawn

Illustrated notes

Levels and vault maps discovered:
Abyss:1:  base: Temple, base:
Temple

Action                   || total
-------------------------++-------
  Use: Potion            ||     1
Armor: Leather armour    ||     1
Dodge: Dodged            ||     3

Table legend: (Time is in decaauts)
 A = Elapsed time spent in this place.
 B = Non-inter-level travel time spent in this place.
 C = Inter-level travel time spent in this place.
 D = Time resting spent in this place.
 E = Time spent auto-exploring this place.
 F = Levels seen in this place.
 G = Mean time per level.
                   A        B        C        D        E       F      G
               +--------+--------+--------+--------+--------+-----+--------+
         Total |     68 |     68 |      0 |      0 |     37 |   1 |   68.0 |
         Abyss |     68 |     68 |      0 |      0 |     37 |   1 |   68.0 |
               +--------+--------+--------+--------+--------+-----+--------+

Top non-repeatable levels by time:
 Abyss:1: 68 daAuts
